 Dungeon Crawl Stone Soup version 0.31.0-11-ge490571c62 (webtiles) character file.

Game seed: 15972467778046546175

283 Arcadio the Ducker (level 6, -4/41 HPs)
             Began as a Djinni Fire Elementalist on Jan 27, 2024.
             Was a Believer of Dithmenos.
             Slain by an orc priest
             ... wielding a +0 mace
              (6 damage)
             ... on level 4 of the Dungeon.
             The game lasted 00:07:23 (2666 turns).

Arcadio the Ducker (Djinni Fire Elementalist)       Turns: 2666, Time: 00:07:24

Health: -4/41      AC:  3    Str: 10    XL:     6   Next: 54%
Gold:   32         EV: 14    Int: 18    God:    Dithmenos [**....] SH:  0 Dex: 16

rFire   + + +        c - +0 short sword
rCold   x x .        (no shield)
rNeg    . . .        a - +0 robe
rPois   ∞            (no helmet)
rElec   .            (no cloak)
rCorr   .            h - +0 pair of gloves
SInv    .            (boots unavailable)
Will    .....        g - amulet of faith
Stlth   ++++         p - +6 ring of strength
HPRegen 0.26/turn    e - ring of Mowkecke {Fire rPois Str-3 Dex+2 Stlth+}
MPRegen 0.00/turn

%: faith, infuse magic (-5 HP)
@: flying, wreathed by umbra
A: sickness immunity, fire resistance 2, cold vulnerability 1, float, innate
caster, HP casting, extra vitality 1
a: Renounce Religion, Shadow Step


You were on level 4 of the Dungeon.
You worshipped Dithmenos.
Dithmenos was pleased with you.
You visited 1 branch of the dungeon, and saw 4 of its levels.

You collected 110 gold pieces.
You spent 78 gold pieces at shops.

Inventory:

Hand Weapons
 c - a +0 short sword (weapon)
Armour
 a - a +0 robe (worn)
 f - a +2 kite shield
 h - a +0 pair of gloves (worn)
 m - a +0 troll leather armour {Pargi}
Jewellery
 e - the ring of Mowkecke (right hand) {Fire rPois Str-3 Dex+2 Stlth+}
   (You found it on level 3 of the Dungeon)

   [ring of fire]

   Fire:      It enhances your fire magic.
   Str-3:     It affects your strength (-3).
   Dex+2:     It affects your dexterity (+2).
   rF+:       It protects you from fire.
   rC-:       It makes you vulnerable to cold.
   rPois:     It protects you from poison Stlth+: It makes you more stealthy.
 g - an amulet of faith (around neck)
 j - a ring of protection from fire
 n - the amulet of Ilupt {Acrobat Regen+ Dex+6 Slay-4 SInv}
   (You found it on level 3 of the Dungeon)

   [amulet of the acrobat]

   Acrobat:   It increases your evasion while moving and waiting.
   Dex+6:     It affects your dexterity (+6).
   Slay-4:    It affects your accuracy & damage with ranged weapons and melee
   (-4).
   SInv:      It lets you see invisible.
   Regen+:    It increases your rate of health regeneration.
 p - a +6 ring of strength (left hand)
Wands
 o - a wand of charming (14)
Scrolls
 b - a scroll of vulnerability {unknown}
 k - 2 scrolls of teleportation
 l - a scroll of immolation
 r - a scroll of blinking {unknown}
Potions
 d - 2 potions of curing
 i - a potion of might {unknown}
 q - a potion of cancellation {unknown}


   Skills:
 + Level 0.6 Fighting
 + Level 5.2 Dodging
 - Level 1.5 Stealth
 + Level 4.5 Spellcasting
 + Level 4.5 Conjurations
 + Level 4.5 Hexes
 + Level 4.5 Summonings
 + Level 4.5 Necromancy
 + Level 4.5 Translocations
 + Level 4.5 Fire Magic
 + Level 4.5 Ice Magic
 + Level 4.5 Air Magic
 + Level 4.5 Earth Magic
 + Level 4.5 Alchemy


You knew the following spells:

 Your Spells              Type           Power      Damage    Failure   Level
a - Scorch                Fire           60%        2d7       3%          2
b - Searing Ray           Conj           40%        2d5       3%          2
c - Volatile Blastmotes   Fire/Tloc      60%        2d15      7%          3
d - Inner Flame           Hex/Fire       30%        N/A       7%          3
e - Flame Wave            Conj/Fire      30%        2d9       22%         4
f - Necrotise             Necr           80%        1d8       2%          1
g - Foxfire               Conj/Fire      100%       2x1d9     2%          1
Your spell library was empty.

Dungeon Overview and Level Annotations

Branches:
Dungeon (4/15)
 Temple: D:4-7

Altars:
Dithmenos

Shops:
D:1 (   D:3 ?


Innate Abilities, Weirdness & Mutations

You are immune to sickness and miasma.
You are immune to poison.
Your flesh is very heat resistant. (rF++)
You are vulnerable to cold. (rC-)
You float through the air rather than walking.
You learn spells naturally, not from books.
Your magical power is your life essence.
You have superior vitality. (+4 MHP)


Message History

Casting: Scorch (safe; 3% risk of failure)
Confirm with . or Enter, or press ? or * to list all spells.
You feel a surge of power!
Flames lash the orc.
The orc is almost dead.
The orc's fire resistance burns away.
Casting: Scorch (safe; 3% risk of failure)
Confirm with . or Enter, or press ? or * to list all spells.
You feel a surge of power!
Flames lash the orc.
The orc is burned terribly!
You kill the orc!
Dithmenos accepts your kill.
* * * LOW HITPOINT WARNING * * *
Casting: Scorch (safe; 3% risk of failure)
Confirm with . or Enter, or press ? or * to list all spells.
You feel a surge of power!
Flames lash the orc priest.
The orc priest is moderately wounded.
The orc priest's fire resistance burns away.
* * * LOW HITPOINT WARNING * * *
Casting: Scorch (safe; 3% risk of failure)
Confirm with . or Enter, or press ? or * to list all spells.
You feel a surge of power!
Flames lash the orc priest.
The orc priest is heavily wounded.
* * * LOW HITPOINT WARNING * * *
Casting: Scorch (safe; 3% risk of failure)
Confirm with . or Enter, or press ? or * to list all spells.
You feel a surge of power!
Flames lash the orc priest.
The orc priest is burned terribly!
The orc priest is almost dead.
* * * LOW HITPOINT WARNING * * *
The orc priest closely misses you.
Casting: Scorch (safe; 3% risk of failure)
Confirm with . or Enter, or press ? or * to list all spells.
You feel a surge of power!
Flames lash the orc priest but do no damage.
* * * LOW HITPOINT WARNING * * *
The orc priest calls down the wrath of Beogh upon you.
You struggle to resist.
You hit the orc priest but do no damage.
The orc priest is almost dead.
The orc priest hits you with a +0 mace.
You die...

##### ......
......##########
#.>).........
##)........
#<.........
#..........
#.#'#<.....
...#@#######
#####o# #)# #)#
..# ..# ..# ##.#


You could see an orc priest (combustible).

Vanquished Creatures
  Pargi (D:3)
  An orc priest (D:4)
  Ijyb (D:3)
  3 gnolls (D:3)
  3 adders (D:3)
  2 dart slugs (D:1)
  8 orcs (D:4)
  6 bats
  4 endoplasms (D:1)
  A giant cockroach (D:1)
  2 goblins (D:3)
  8 hobgoblins
  4 quokkas
  3 ball pythons
  4 frilled lizards
  7 kobolds
  8 rats
66 creatures vanquished.

Vanquished Creatures (others)
  67 foxfires
67 creatures vanquished.

Grand Total: 133 creatures vanquished

Notes
Turn   | Place    | Note
-------+----------+-------------------------------------------
     0 | D:1      | Arcadio the Djinni Fire Elementalist began the quest for
                  | the Orb.
     0 | D:1      | Arcadio set off with the following spells memorised:
                  | Foxfire, Scorch, Volatile Blastmotes, Inner Flame, Flame
                  | Wave.
     0 | D:1      | Reached XP level 1. HP: 15/15 MP: 0/0
    66 | D:1      | Reached XP level 2. HP: 21/21 MP: 0/0
   352 | D:1      | Found Pauran's Weapon Emporium.
   433 | D:1      | Found a faded altar of an unknown god.
   433 | D:1      | Noticed a hellwing
   476 | D:1      | Prayed at the altar of an unknown god.
   476 | D:1      | Became a worshipper of Dithmenos the Shadowed
   476 | D:1      | Reached * piety under Dithmenos
   511 | D:1      | Reached skill level 3 in Dodging
   511 | D:1      | Reached XP level 3. HP: 25/25 MP: 0/0
   511 | D:1      | Learned a level 1 spell: Necrotise
  1494 | D:3      | Reached XP level 4. HP: 30/31 MP: 0/0
  1582 | D:3      | Noticed Pargi
  1595 | D:3      | Killed Pargi
  1596 | D:3      | Reached skill level 4 in Dodging
  1596 | D:3      | Reached XP level 5. HP: 26/35 MP: 0/0
  1596 | D:3      | Learned a level 2 spell: Searing Ray
  1597 | D:3      | Reached ** piety under Dithmenos
  1672 | D:3      | Identified the amulet of Ilupt {Acrobat Regen+ Dex+6 Slay-4
                  | SInv}
  1729 | D:3      | Noticed Ijyb
  1757 | D:3      | Killed Ijyb
  1758 | D:3      | Reached XP level 6. HP: 23/40 MP: 0/0
  1922 | D:3      | Reached skill level 5 in Dodging
  2290 | D:3      | Found Xiudev's Magic Scroll Shoppe.
  2310 | D:3      | Bought a scroll of identify for 26 gold pieces
  2310 | D:3      | Bought a scroll of identify for 26 gold pieces
  2310 | D:3      | Bought a scroll of identify for 26 gold pieces
  2382 | D:3      | Identified the ring of Mowkecke {Fire rPois Str-3 Dex+2
                  | Stlth+}
  2666 | D:4      | Slain by an orc priest

Illustrated notes

Levels and vault maps discovered:
D:1:      sevenhm_arrival_forest_fort_small_6, layout_loops_cross, serial_shops,
          nicolae_shop_tiny_glass, dreamdust_ecumenical_altar_sealed_demon,
          palyth_stone_intersect, minmay_close_crescents
D:2:      layout_rooms, amcnicky_mini_pool_small
D:3:      layout_basic, serial_shops, shop, st_stairs_4, uniq_ijyb, uniq_pargi
D:4:      layout_basic, grunt_temple_overflow_champion_of_chaos,
          nicolae_ossuary_entry_giza

Skill      XL: |  1  2  3  4  5  6 |
---------------+-------------------+-----
Dodging        | 3 4 5 |  5.2
Spellcasting   | 4 |  4.5
Conjurations   | 4 |  4.5
Hexes          | 4 |  4.5
Summonings     | 4 |  4.5
Necromancy     | 4 |  4.5
Translocations | 4 |  4.5
Fire Magic     | 4 |  4.5
Ice Magic      | 4 |  4.5
Air Magic      | 4 |  4.5
Earth Magic    | 4 |  4.5
Alchemy        | 4 |  4.5
Fighting       | |  0.6
Stealth        | |  1.5

Action                     |  1- 3 |  4- 6 || total
---------------------------+-------+-------++-------
  Melee: Short sword       |    56 |    44 ||   100
   Cast: Foxfire           |    36 |     6 ||    42
         Scorch            |     3 |    39 ||    42
    Use: Scroll            |       |     4 ||     4
   Stab: Sleeping          |     2 |     3 ||     5
 Armour: Robe              |    16 |    21 ||    37
  Dodge: Dodged            |    43 |    39 ||    82
